 Dungeon Crawl Stone Soup version 0.22-a0-181-gb22368a (webtiles) character file.

15078 Gorglomux the Protected (level 11, -5/102 HPs)
             Began as a Minotaur Enchanter on Feb 14, 2018.
             Was a High Priest of Makhleb.
             Slain by a sun demon (18 damage)
             ... summoned by a kobold demonologist
             ... on level 11 of the Dungeon.
             The game lasted 00:23:05 (12351 turns).

Gorglomux the Protected (Minotaur Enchanter)       Turns: 12351, Time: 00:23:06

Health: -5/102     AC: 16    Str: 16 (17) XL:     11   Next: 97%
Magic:  13/13      EV:  6    Int: 11 (12) God:    Makhleb [*****.]
Gold:   455        SH: 17    Dex:  9 (10) Spells: 11/12 levels left

rFire    . . .     SeeInvis +   O - +0 war axe (chop)
rCold    + . .     Gourm    .   w - +2 shield {rN+}
rNeg     + + .     Faith    .   x - +1 plate armour {rN+}
rPois    .         Spirit   .   (helmet restricted)
rElec    .         Reflect  +   (no cloak)
rCorr    .         Harm     .   (no gloves)
MR       .....                  (no boots)
Stlth    ..........             N - +6 amulet of reflection
HPRegen  0.27/turn              c - ring of protection from cold
MPRegen  0.13/turn              s - ring of see invisible

@: lethally poisoned (-5 -> -6), hasted, very quick
A: retaliatory headbutt, horns 2
a: Minor Destruction, Lesser Servant of Makhleb, Major Destruction, Greater
Servant of Makhleb, Renounce Religion


You were on level 11 of the Dungeon.
You worshipped Makhleb.
Makhleb was extremely pleased with you.
You were very hungry.

You visited 1 branch of the dungeon, and saw 11 of its levels.

You collected 663 gold pieces.
You spent 208 gold pieces at shops.

Inventory:

Hand Weapons
 O - a +0 war axe of chopping (weapon)
 V - a +1 scimitar of flaming
 Y - a +1 war axe of freezing
Missiles
 Z - 4 throwing nets (quivered)
Armour
 w - a +2 shield of positive energy (worn)
 x - a +1 plate armour of positive energy (worn)
Jewellery
 c - a ring of protection from cold (left hand)
 g - an uncursed ring of resist corrosion
 s - a ring of see invisible (right hand)
 N - a +6 amulet of reflection (around neck)
Wands
 P - a wand of paralysis (34)
Scrolls
 h - 2 scrolls of fear {unknown}
 l - 7 scrolls of remove curse
 m - 3 scrolls of amnesia {unknown}
 y - a scroll of blinking {unknown}
 B - 2 scrolls of magic mapping {unknown}
 C - a scroll of enchant armour {unknown}
 M - a scroll of enchant weapon {unknown}
 R - a scroll of identify
 T - 3 scrolls of teleportation
 W - 2 scrolls of fog {unknown}
 X - 3 scrolls of noise {unknown}
Potions
 D - a potion of agility
 E - a potion of brilliance
 J - a potion of degeneration
 K - a potion of might
 L - a potion of haste
 Q - 5 potions of curing
 U - 2 potions of mutation
Books
 z - a book of Maledictions

   Spells                             Type                      Level
   a - Corona                         Hexes                        1
   b - Ensorcelled Hibernation        Hexes/Ice                    2
   c - Confuse                        Hexes                        3
   d - Tukima's Dance                 Hexes                        3
   e - Dazzling Spray                 Conjuration/Hexes            3
 A - a book of the Sky

   Spells                             Type                      Level
   a - Summon Lightning Spire         Summoning/Air                4
   b - Silence                        Hexes/Air                    5
   c - Deflect Missiles               Charms/Air                   6
   d - Conjure Ball Lightning         Conjuration/Air              6
   e - Tornado                        Air                          9
 G - a book of Minor Magic

   Spells                             Type                      Level
   a - Magic Dart                     Conjuration                  1
   b - Blink                          Translocation                2
   c - Call Imp                       Summoning                    2
   d - Slow                           Hexes                        2
   e - Conjure Flame                  Conjuration/Fire             3
   f - Mephitic Cloud                 Conjuration/Poison/Air       3
Comestibles
 d - 16 rations


   Skills:
 + Level 11.1 Fighting
   Level 1.1 Short Blades
 + Level 10.8 Axes
 + Level 11.2 Armour
 + Level 10.5 Dodging
 - Level 2.4 Stealth
 - Level 4.2 Shields
 - Level 1.3 Spellcasting
 - Level 2.0 Hexes
 - Level 4.0 Invocations


You had 11 spell levels left.
You knew the following spells:

 Your Spells              Type           Power        Failure   Level  Hunger
a - Corona                Hex            #......      100%        1    ##.....


Dungeon Overview and Level Annotations

Branches:
Dungeon (11/15)            Temple (0/1) D:4            Lair (0/6) D:11
    Orc (0/2) D:9

Altars:
Ashenzari
Cheibriados
Dithmenos
Elyvilon
Fedhas
Kikubaaqudgha
Makhleb
Qazlal
Ru
Uskayaw
Vehumet
Yredelemnul
The Shining One

Shops:
D:5 }

Annotations:
D:10 Gastronok; Gorice's ghost, journeyman MiFi


Innate Abilities, Weirdness & Mutations

You reflexively headbutt those who attack you in melee.
You have a pair of horns on your head.


Message History

You closely miss the kobold demonologist!
The sun demon hits butt!!!!!!
You are engulfed in flames!!! * * * don't die
* * * The centaur barely misses you!
You are too injured to fight recklessly!!!
Unknown command!
Unknown command!
You are too injured to fight recklessly!!!
Unknown command!
You closely miss the kobold demonologist!
The kobold demonologist is lightly wounded!
You open the kobold butt like a pillowcase!
You carve the sun demon but do no damage!
You open the centaur like a butt!
The kobold demonologist hits you but does no damage!
You block the kobold demonologist's attack!
The sun demon hits you!!! * * * don't die
* * * You are engulfed in flames!!!!!! rip

#...# #...#. ..
#...# ......# #...#.
#.# #...# ......#
#...#. #.# #...#
......# #...#. #.#
#...# ......# #.<.#.
#.# #...# .(....#
#...#. #.###...#
..(...# #...#.
#.......#####).....#
#...#. .
#.........4K@K.....#
#...#. ..
#.####....33)c.....#
#...#. ..###.#
#..#####..##.>#
#...#. ......# #..#
..# # #...#. ......#
#..# ..# ......#
#..# .)# ......#
#..# ..##.. ......#
#..# ..##.# ......#
#..# #.#


You could see a sun demon, an ice devil, 2 kobold demonologists, a smoke demon
and a centaur.

Vanquished Creatures
  5 two-headed ogres (D:10)
  Erica (D:8)
  Pikel (D:6)
  An ugly thing (D:10)
  A centaur zombie (D:10)
  A kobold demonologist (D:11)
  A yaktaur (D:10)
  2 trolls
  5 hippogriffs
  2 vampires (D:11)
  Sigmund (D:3)
  A shadow (D:11)
  A wyvern (D:8)
  A spriggan (D:8)
  3 wraiths
  A hungry ghost (D:9)
  A vampire mosquito (D:10)
  Menkaure (D:6)
  An acid dragon (D:11)
  Duvessa (D:6)
  3 porcupines (D:11)
  An orc warrior (D:10)
  2 ice beasts
  4 sky beasts
  3 black bears
  2 ogres
  4 phantoms
  7 centaurs
  A crocodile (D:11)
  A big kobold (D:11)
  10 bullfrogs
  2 gnoll sergeants
  Dowan (D:6)
  2 scorpions
  10 wights
  A crimson imp (D:11)
  A bullfrog zombie (D:10)
  A quasit (D:11)
  3 orc priests
  5 hounds
  2 jellies
  7 orc wizards
  2 bullfrog skeletons
  3 centaur skeletons
  A gnoll shaman (D:3)
  2 iguanas
  An iron imp (D:9)
  Terence (D:3)
  8 worker ants
  8 ogre zombies (D:9)
  2 hound zombies
  2 hound skeletons
  2 worker ant zombies
  49 gnolls
  7 adders
  3 adder zombies
  4 worms
  9 leopard geckos
  30 orcs
  4 giant cockroaches
  2 goblins
  5 hobgoblins
  17 jackals
  2 quokkas
  12 bats
  6 frilled lizards
  4 goblin skeletons (D:9)
  4 goblin zombies (D:9)
  3 hobgoblin zombies (D:9)
  2 jackal skeletons
  10 kobolds
  A kobold skeleton (D:9)
  A kobold zombie (D:9)
  A leopard gecko skeleton (D:5)
  5 orc skeletons (D:9)
  13 orc zombies (D:9)
  A quokka skeleton (D:8)
  12 rats
  9 fungi (D:11)
  2 plants (D:11)
355 creatures vanquished.

Vanquished Creatures (others)
  A cyclops (D:11)
  A slave (D:6)
  3 centaurs
  An ogre (D:6)
  A crimson imp (D:6)
  An orc (D:6)
  2 kobolds
  3 fungi (D:11)
  A plant (D:11)
14 creatures vanquished.

Grand Total: 369 creatures vanquished

Notes
Turn   | Place    | Note
-------+----------+-------------------------------------------
     0 | D:1      | Gorglomux the Minotaur Enchanter began the quest for the Orb.
     0 | D:1      | Reached XP level 1. HP: 14/14 MP: 1/1
    73 | D:1      | Reached skill level 1 in Fighting
    73 | D:1      | Reached skill level 1 in Armour
    73 | D:1      | Reached XP level 2. HP: 23/23 MP: 3/3
   412 | D:1      | Reached XP level 3. HP: 29/29 MP: 4/4
   496 | D:1      | You fall through a shaft!
   522 | D:2      | Reached skill level 3 in Dodging
  1088 | D:2      | Found a shadowy altar of Dithmenos.
  1379 | D:3      | Reached XP level 4. HP: 37/37 MP: 5/5
  1388 | D:3      | Found a basalt altar of Yredelemnul.
  1651 | D:3      | Noticed Sigmund
  1898 | D:3      | Killed Sigmund
  1898 | D:3      | Reached skill level 3 in Fighting
  1898 | D:3      | Reached skill level 3 in Armour
  1898 | D:3      | Reached XP level 5. HP: 36/45 MP: 6/6
  1977 | D:3      | Noticed Terence
  1979 | D:3      | Found a burning altar of Makhleb.
  1990 | D:3      | Reached XP level 6. HP: 36/51 MP: 7/7
  1993 | D:3      | Killed Terence
  2005 | D:3      | Became a worshipper of Makhleb the Destroyer
  2209 | D:3      | Found a white marble altar of Elyvilon.
  2835 | D:4      | Reached skill level 3 in Axes
  2901 | D:4      | Found a staircase to the Ecumenical Temple.
  2930 | D:4      | Found a hide-covered altar of Uskayaw.
  2981 | D:4      | Reached * piety under Makhleb
  3116 | D:3      | Reached XP level 7. HP: 19/60 MP: 8/8
  4063 | D:4      | Found a stormy altar of Qazlal.
  4176 | D:4      | Reached ** piety under Makhleb
  4265 | D:4      | Reached XP level 8. HP: 40/69 MP: 9/9
  4800 | D:4      | Found an ancient bone altar of Kikubaaqudgha.
  5025 | D:5      | Entered Level 5 of the Dungeon
  5030 | D:5      | Found a shattered altar of Ashenzari.
  5083 | D:5      | Reached skill level 6 in Armour
  5083 | D:5      | Reached skill level 6 in Dodging
  5201 | D:5      | Reached skill level 6 in Fighting
  5208 | D:5      | Found Suighihi's Gadget Emporium.
  5225 | D:5      | Bought a wand of paralysis (14) for 208 gold pieces
  5593 | D:6      | Noticed Pikel
  5617 | D:6      | Killed Pikel
  5617 | D:6      | Reached skill level 6 in Axes
  5662 | D:6      | Reached XP level 9. HP: 68/79 MP: 10/10
  5697 | D:6      | Found a sacrificial altar of Ru.
  5697 | D:6      | Found a snail-covered altar of Cheibriados.
  5747 | D:6      | Noticed Menkaure
  5753 | D:6      | Killed Menkaure
  6115 | D:6      | Noticed Duvessa
  6131 | D:6      | Killed Duvessa
  6146 | D:6      | Noticed Dowan
  6166 | D:6      | Killed Dowan
  6323 | D:6      | Reached *** piety under Makhleb
  7203 | D:8      | Noticed Erica
  7249 | D:8      | Killed Erica
  7249 | D:8      | Reached skill level 3 in Invocations
  7249 | D:8      | Reached XP level 10. HP: 29/89 MP: 11/11
  7510 | D:8      | Found a radiant altar of Vehumet.
  7608 | D:8      | Got a twitching glass ring
  7735 | D:8      | Reached skill level 1 in Shields
  8022 | D:8      | Reached skill level 3 in Shields
  8095 | D:9      | Found a staircase to the Orcish Mines.
  8124 | D:9      | Reached **** piety under Makhleb
  8540 | D:9      | Identified the ring of Xiliq {Int+2 Dex+3} (You found it on level 8 of the Dungeon)
  8649 | D:9      | Found a blossoming altar of Fedhas.
  8889 | D:9      | Found a glowing golden altar of the Shining One.
  8924 | D:10     | Entered Level 10 of the Dungeon
  8964 | D:10     | Reached skill level 9 in Armour
  9042 | D:10     | Noticed a two-headed ogre
  9051 | D:10     | Killed a two-headed ogre
  9051 | D:10     | Reached skill level 9 in Fighting
  9079 | D:10     | Noticed a two-headed ogre
  9088 | D:10     | Killed a two-headed ogre
  9088 | D:10     | Reached skill level 9 in Axes
  9088 | D:10     | Reached skill level 9 in Dodging
  9280 | D:10     | Reached XP level 11. HP: 89/97 MP: 13/13
  9331 | D:10     | Noticed a two-headed ogre
  9340 | D:10     | Killed a two-headed ogre
  9503 | D:10     | Noticed Gorice's ghost (journeyman MiFi)
  9893 | D:10     | Noticed a two-headed ogre
 10109 | D:10     | Killed a two-headed ogre
 10395 | D:10     | Noticed a brown ugly thing
 10433 | D:10     | Killed a brown ugly thing
 10455 | D:10     | HP: 3/99 [wight/trident (5)]
 10455 | D:10     | HP: 1/99 [wight/trident (2)]
 10848 | D:10     | Noticed Gastronok
 10900 | D:10     | Reached ***** piety under Makhleb
 11385 | D:10     | Noticed a two-headed ogre
 11394 | D:10     | Killed a two-headed ogre
 11464 | D:11     | Found a staircase to the Lair.
 11929 | D:11     | HP: 3/101 [something (5)]
 12245 | D:11     | Got a warped flail
 12246 | D:11     | Identified the +7 flail of Light {crush, rF+ rC+ rN++ MR-} (You found it on level 11 of the Dungeon)
 12325 | D:11     | Noticed a soul eater
 12328 | D:11     | Noticed a sixfirhy
 12337 | D:11     | Noticed a sun demon
 12351 | D:11     | Slain by a sun demon

Vault maps used:
D:1:      scummos_arrival_simple_fountains, nrook_loot_triangle
D:2:      overflow_temple_1_default
D:3:      kennysheep_ying_yang, makhleb_heckhound_becter, first_ration,
          uniq_sigmund, uniq_terence
D:4:      lemuel_castle_with_subvaults, kennysheep_mini_moat, marbit_many_paths,
          lemuel_round_altar, minmay_temple_entry_mist
D:5:      ashenzari_altar_1, serial_shops, shop, grunt_tough_drop
D:6:      gammafunk_temple_overflow_wave, uniq_duvessa, uniq_pikel,
          uniq_menkaure
D:8:      basic_altar, the_bakery, uniq_erica
D:9:      kennysheep_little_box, nicolae_tso_besieged_by_evil, zombieorc2_lemuel
D:10:     minmay_cut_squares, uniq_gastronok
D:11:     due_lair_maze_entry_diamond

Skill      XL: |  1  2  3  4  5  6  7  8  9 10 11 |
---------------+----------------------------------+-----
Fighting       | 1 2 3 4 5 7 8 9 11 | 11.1
Armour         | 1 2 3 4 5 7 8 9 11 | 11.2
Dodging        | 3 4 5 6 8 9 10 | 10.5
Axes           | 2 3 4 6 7 9 10 | 10.8
Invocations    | 3 4 |  4.0
Shields        | 4 |  4.2
Short Blades   | |  1.1
Stealth        | |  2.4
Spellcasting   | |  1.3
Hexes          | |  2.0

Action                   |  1- 3 |  4- 6 |  7- 9 | 10-12 || total
-------------------------+-------+-------+-------+-------++-------
Melee: Dagger            |   130 |    19 |       |       ||   149
       Headbutt          |    16 |    42 |    83 |   103 ||   244
       Hand axe          |       |   208 |   402 |       ||   610
       War axe           |       |       |   138 |   603 ||   741
Throw: Throwing net      |       |       |       |     3 ||     3
 Cast: Corona            |     1 |       |       |       ||     1
Invok: Minor Destruction |       |       |     1 |    36 ||    37
Evoke: Wand              |       |       |     6 |     4 ||    10
  Use: Scroll            |     2 |       |     5 |     5 ||    12
       Potion            |       |     4 |     1 |     2 ||     7
 Stab: Sleeping          |     4 |       |       |       ||     4
       Paralysed         |       |       |     7 |       ||     7
       Held in net/web   |       |       |       |     1 ||     1
  Eat: Chunk             |     2 |     5 |    15 |    12 ||    34
       Ration            |       |       |       |     3 ||     3
Armor: Robe              |     7 |       |       |       ||     7
       Plate armour      |    63 |   159 |   295 |   359 ||   876
Dodge: Dodged            |    51 |    55 |   130 |   183 ||   419
Block: Other             |    18 |    79 |   174 |     1 ||   272
       Reflection        |     1 |     3 |     3 |    20 ||    27
       Buckler           |       |       |       |   255 ||   255
       Shield            |       |       |       |   209 ||   209

Table legend:
 A = Spawn XP
 B = Non-spawn XP
 C = Spawn XP percentage of total XP
 D = Spawn monster count
 E = Non-spawn monster count
 F = Spawn count percentage of total count
 G = Total turns spent on level
                    A         B        C        D         E        F      G
               +---------+---------+-------+---------+---------+-------+---------
         Total |       0 |   21541 |   0.0 |       0 |     350 |   0.0 | 12351
               +---------+---------+-------+---------+---------+-------+---------
           D:1 |       0 |      45 |   0.0 |       0 |      30 |   0.0 |   687
           D:2 |       0 |      51 |   0.0 |       0 |      15 |   0.0 |   659
           D:3 |       0 |     471 |   0.0 |       0 |      30 |   0.0 |  1676
           D:4 |       0 |    1055 |   0.0 |       0 |      76 |   0.0 |  2003
           D:5 |       0 |     444 |   0.0 |       0 |      13 |   0.0 |   554
           D:6 |       0 |    1871 |   0.0 |       0 |      16 |   0.0 |   972
           D:7 |       0 |     686 |   0.0 |       0 |      12 |   0.0 |   534
           D:8 |       0 |    1932 |   0.0 |       0 |      15 |   0.0 |   998
           D:9 |       0 |    1572 |   0.0 |       0 |      52 |   0.0 |  1642
          D:10 |       0 |    8504 |   0.0 |       0 |      48 |   0.0 |  1681
          D:11 |       0 |    4910 |   0.0 |       0 |      43 |   0.0 |   945
               +---------+---------+-------+---------+---------+-------+---------
